TOP OF THE 1ST |
Hamilton Cardinals batting - Pitching for New Jersey Devils : RHP Jason Jones
|
Pitching: RHP Jason Jones
|
|
Batting: RHB Nick Latulippe
|
0-0: Ball 1-0: Ball 2-0: Called Strike 2-1: Called Strike 2-2: Foul Ball, location: 2F 2-2: Fly out, F9 (Flyball, 9, EV 92.5 MPH)
|
Batting: RHB Tyler Walker
|
0-0: Ball 1-0: Ball 2-0: Ball 3-0: Base on Balls
|
Batting: LHB Travis Ruppel
|
0-0: Ball 1-0: Swinging Strike 1-1: Called Strike 1-2: Ball 2-2: Ball 3-2: Strikes out swinging
|
Batting: RHB Chris LaReau
|
0-0: Ball 1-0: Called Strike 1-1: Ball 2-1: Swinging Strike 2-2: Ball 3-2: Strikes out swinging
|
Top of the 1st over - 0 runs, 0 hits, 0 errors, 1 left on base; Hamilton 0 - New Jersey 0 |
BOTTOM OF THE 1ST |
New Jersey Devils batting - Pitching for Hamilton Cardinals : RHP Nick Peters
|
Pitching: RHP Nick Peters
|
|
Batting: LHB Matt Baker
|
0-0: Ball 1-0: Ground out 5-3 (Groundball, 56, EV 88.1 MPH)
|
Batting: SHB Jason Caruso
|
0-0: Ball 1-0: Swinging Strike 1-1: Called Strike 1-2: Strikes out swinging
|
Batting: RHB Bobby Coulombe
|
0-0: Ground out 5-3 (Groundball, 56, EV 103.8 MPH)
|
Bottom of the 1st over - 0 runs, 0 hits, 0 errors, 0 left on base; Hamilton 0 - New Jersey 0 |
TOP OF THE 2ND |
Hamilton Cardinals batting - Pitching for New Jersey Devils : RHP Jason Jones
|
Batting: LHB Jorge Zarazua
|
0-0: Called Strike 0-1: Swinging Strike 0-2: Strikes out looking
|
Batting: RHB Bernard Claude
|
0-0: Ball 1-0: Foul Ball, location: 2F 1-1: Foul Ball, location: 2F 1-2: Ball 2-2: Strikes out swinging
|
Batting: LHB Ivan Cortez
|
0-0: Called Strike 0-1: Ball 1-1: Called Strike 1-2: Strikes out looking
|
Top of the 2nd over - 0 runs, 0 hits, 0 errors, 0 left on base; Hamilton 0 - New Jersey 0 |
BOTTOM OF THE 2ND |
New Jersey Devils batting - Pitching for Hamilton Cardinals : RHP Nick Peters
|
Batting: LHB Bayesa Mundhir
|
0-0: Foul Ball, location: 2F 0-1: Foul Ball, location: 2F 0-2: Ball 1-2: Ball 2-2: Foul Ball, location: 2F 2-2: Ball 3-2: Strikes out looking
|
Batting: SHB Alex Cavazos
|
0-0: Ball 1-0: Ball 2-0: Foul Ball, location: 2F 2-1: Ground out 4-3 (Groundball, 4D, EV 108.1 MPH)
|
Batting: RHB Chris Artz
|
0-0: Foul Ball, location: 2F 0-1: Swinging Strike 0-2: Ball 1-2: Strikes out swinging
|
Bottom of the 2nd over - 0 runs, 0 hits, 0 errors, 0 left on base; Hamilton 0 - New Jersey 0 |
TOP OF THE 3RD |
Hamilton Cardinals batting - Pitching for New Jersey Devils : RHP Jason Jones
|
Batting: RHB Julio Sandoval
|
0-0: Ball 1-0: Ball 2-0: Called Strike 2-1: Ball 3-1: Called Strike 3-2: Foul Ball, location: 2F 3-2: Ground out 5-3 (Groundball, 56, EV 101.2 MPH)
|
Batting: RHB Edgar Klockow
|
0-0: SINGLE (Line Drive, 6D, EV 97.5 MPH)
|
Batting: RHB Nick Latulippe
|
0-0: Called Strike 0-1: Ball 1-1: Ball 2-1: Swinging Strike 2-2: Ball 3-2: Strikes out swinging
|
Batting: RHB Tyler Walker
|
0-0: Fielders Choice at 2nd, U4 (Groundball, 4M, EV 88.1 MPH)
|
Top of the 3rd over - 0 runs, 1 hit, 0 errors, 1 left on base; Hamilton 0 - New Jersey 0 |
BOTTOM OF THE 3RD |
New Jersey Devils batting - Pitching for Hamilton Cardinals : RHP Nick Peters
|
Batting: SHB Jerry Burrows
|
0-0: Called Strike 0-1: Foul Ball, location: 2F 0-2: Ball 1-2: Strikes out swinging
|
Batting: RHB Brian Bonin
|
0-0: Foul Ball, location: 2F 0-1: Ball 1-1: Foul Ball, location: 2F 1-2: Foul Ball, location: 2F 1-2: Ball 2-2: Foul Ball, location: 2F 2-2: Ball 3-2: Strikes out swinging
|
Batting: RHB Mike Hanks
|
0-0: Called Strike 0-1: Ball 1-1: Ball 2-1: Foul Ball, location: 2F 2-2: Strikes out swinging
|
Bottom of the 3rd over - 0 runs, 0 hits, 0 errors, 0 left on base; Hamilton 0 - New Jersey 0 |
TOP OF THE 4TH |
Hamilton Cardinals batting - Pitching for New Jersey Devils : RHP Jason Jones
|
Batting: LHB Travis Ruppel
|
0-0: Ball 1-0: Called Strike 1-1: Called Strike 1-2: Foul Ball, location: 2F 1-2: Foul Ball, location: 2F 1-2: Foul Ball, location: 2F 1-2: Ground out 6-3 (Groundball, 6M, EV 87.5 MPH)
|
Batting: RHB Chris LaReau
|
0-0: Foul Ball, location: 2F 0-1: Ball 1-1: Ball 2-1: Ball 3-1: Base on Balls
|
Batting: LHB Jorge Zarazua
|
0-0: Called Strike 0-1: 2-RUN HOME RUN (Flyball, 9D, EV 101.2 MPH), Distance : 376 ft
|
Batting: RHB Bernard Claude
|
0-0: Ball 1-0: Ball 2-0: Ball 3-0: Base on Balls
|
Batting: LHB Ivan Cortez
|
0-0: Ball Bernard Claude steals 2nd base (no throw) 1-0: Ball 2-0: Foul Ball, location: 2F 2-1: Called Strike 2-2: Ball 3-2: SINGLE (Line Drive, 7S, EV 101.2 MPH) Bernard Claude to third Runner from 3rd tries for Home, SAFE, throw by LF to home
|
Batting: RHB Julio Sandoval
|
0-0: Ball 1-0: Ball 2-0: Grounds into double play, 6-4-3 (Groundball, 6M, EV 87.5 MPH)
|
Top of the 4th over - 3 runs, 2 hits, 0 errors, 0 left on base; Hamilton 3 - New Jersey 0 |
BOTTOM OF THE 4TH |
New Jersey Devils batting - Pitching for Hamilton Cardinals : RHP Nick Peters
|
Batting: LHB Matt Baker
|
0-0: Foul Ball, location: 2F 0-1: Swinging Strike 0-2: Strikes out swinging
|
Batting: SHB Jason Caruso
|
0-0: Called Strike 0-1: Ball 1-1: Swinging Strike 1-2: Strikes out swinging
|
Batting: RHB Bobby Coulombe
|
0-0: Swinging Strike 0-1: Called Strike 0-2: Ball 1-2: Strikes out swinging
|
Bottom of the 4th over - 0 runs, 0 hits, 0 errors, 0 left on base; Hamilton 3 - New Jersey 0 |
TOP OF THE 5TH |
Hamilton Cardinals batting - Pitching for New Jersey Devils : RHP Jason Jones
|
Batting: RHB Edgar Klockow
|
0-0: Ball 1-0: Called Strike 1-1: Fly out, F9 (Flyball, 89XD, EV 96.2 MPH)
|
Batting: RHB Nick Latulippe
|
0-0: Called Strike 0-1: Foul Ball, location: 2F 0-2: Strikes out looking
|
Batting: RHB Tyler Walker
|
0-0: SINGLE (Line Drive, 9LM, EV 100.6 MPH)
|
Batting: LHB Travis Ruppel
|
0-0: Ground out U3 (Groundball, 3L, EV 103.1 MPH)
|
Top of the 5th over - 0 runs, 1 hit, 0 errors, 1 left on base; Hamilton 3 - New Jersey 0 |
BOTTOM OF THE 5TH |
New Jersey Devils batting - Pitching for Hamilton Cardinals : RHP Nick Peters
|
Batting: LHB Bayesa Mundhir
|
0-0: Ball 1-0: Ball 2-0: Ball 3-0: Called Strike 3-1: Foul Ball, location: 2F 3-2: Fly out, F5 (Flyball, 5D, EV 82.5 MPH)
|
Batting: SHB Alex Cavazos
|
0-0: Ball 1-0: Ball 2-0: Ground out U3 (Groundball, 3L, EV 78.1 MPH)
|
Batting: RHB Chris Artz
|
0-0: Called Strike 0-1: Swinging Strike 0-2: Foul Ball, location: 2F 0-2: Ball 1-2: Ball 2-2: Ball 3-2: Foul Ball, location: 2F 3-2: Foul Ball, location: 2F 3-2: Fly out, F6 (Popup, P, EV 81.9 MPH)
|
Bottom of the 5th over - 0 runs, 0 hits, 0 errors, 0 left on base; Hamilton 3 - New Jersey 0 |
TOP OF THE 6TH |
Hamilton Cardinals batting - Pitching for New Jersey Devils : RHP Jason Jones
|
Batting: RHB Chris LaReau
|
0-0: Called Strike 0-1: Foul Ball, location: 2F 0-2: Ball 1-2: Strikes out swinging
|
Batting: LHB Jorge Zarazua
|
0-0: Called Strike 0-1: Ball 1-1: Swinging Strike 1-2: SINGLE (Line Drive, 9LM, EV 91.2 MPH)
|
Batting: RHB Bernard Claude
|
0-0: Ball 1-0: Ball 2-0: Called Strike 2-1: Foul Ball, location: 2F 2-2: Strikes out swinging
|
Batting: LHB Ivan Cortez
|
0-0: Swinging Strike 0-1: Ball 1-1: Ground out 1-3 (Groundball, 13, EV 71.9 MPH)
|
Top of the 6th over - 0 runs, 1 hit, 0 errors, 1 left on base; Hamilton 3 - New Jersey 0 |
BOTTOM OF THE 6TH |
New Jersey Devils batting - Pitching for Hamilton Cardinals : RHP Nick Peters
|
Batting: SHB Jerry Burrows
|
0-0: Foul Ball, location: 2F 0-1: Foul Ball, location: 2F 0-2: Strikes out swinging
|
Batting: RHB Brian Bonin
|
0-0: Foul Ball, location: 2F 0-1: Foul Ball, location: 2F 0-2: Ball 1-2: Ball 2-2: Ball 3-2: Ground out 4-3 (Groundball, 4, EV 101.9 MPH)
|
Batting: RHB Mike Hanks
|
0-0: Ball 1-0: Ball 2-0: Ground out 4-3 (Groundball, 4M, EV 84.4 MPH)
|
Bottom of the 6th over - 0 runs, 0 hits, 0 errors, 0 left on base; Hamilton 3 - New Jersey 0 |
TOP OF THE 7TH |
Hamilton Cardinals batting - Pitching for New Jersey Devils : RHP Jason Jones
|
Batting: RHB Julio Sandoval
|
0-0: Called Strike 0-1: Foul Ball, location: 2F 0-2: Ball 1-2: Foul Ball, location: 2F 1-2: Fly out, F4 (Popup, 4, EV 63.8 MPH)
|
Batting: RHB Edgar Klockow
|
0-0: Fly out, F7 (Flyball, 7LD, EV 84.4 MPH)
|
Batting: RHB Nick Latulippe
|
0-0: Ball 1-0: DOUBLE (Line Drive, 78M, EV 92.5 MPH)
|
Pitching: LHP Dan Bremseth
|
|
Batting: RHB Tyler Walker
|
0-0: Ball 1-0: Ball 2-0: Called Strike 2-1: Called Strike 2-2: Strikes out swinging
|
Top of the 7th over - 0 runs, 1 hit, 0 errors, 1 left on base; Hamilton 3 - New Jersey 0 |
BOTTOM OF THE 7TH |
New Jersey Devils batting - Pitching for Hamilton Cardinals : RHP Nick Peters
|
Batting: LHB Matt Baker
|
0-0: Ball 1-0: Foul Ball, location: 2F 1-1: Ball 2-1: Swinging Strike 2-2: Ball 3-2: Strikes out looking
|
Batting: SHB Jason Caruso
|
0-0: Ball 1-0: Called Strike 1-1: Ball 2-1: Called Strike 2-2: Strikes out looking
|
Batting: RHB Bobby Coulombe
|
0-0: Called Strike 0-1: SINGLE (Line Drive, 5D, EV 98.1 MPH)
|
Batting: LHB Bayesa Mundhir
|
0-0: Ball 1-0: Called Strike 1-1: Ball 2-1: Ground out 4-3 (Groundball, 4S, EV 85.6 MPH)
|
Bottom of the 7th over - 0 runs, 1 hit, 0 errors, 1 left on base; Hamilton 3 - New Jersey 0 |
TOP OF THE 8TH |
Hamilton Cardinals batting - Pitching for New Jersey Devils : LHP Dan Bremseth
|
Pitching: LHP Keith Noftall
|
|
Batting: LHB Travis Ruppel
|
0-0: Ball 1-0: Ball 2-0: Ground out 5-3 (Groundball, 5, EV 86.9 MPH)
|
Batting: RHB Chris LaReau
|
0-0: Ball 1-0: Ball 2-0: Called Strike 2-1: Swinging Strike 2-2: Strikes out swinging, 2-3 out at first.
|
Batting: LHB Jorge Zarazua
|
0-0: Fly out, F9 (Line Drive, 9, EV 108.1 MPH)
|
Top of the 8th over - 0 runs, 0 hits, 0 errors, 0 left on base; Hamilton 3 - New Jersey 0 |
BOTTOM OF THE 8TH |
New Jersey Devils batting - Pitching for Hamilton Cardinals : RHP Nick Peters
|
Batting: SHB Alex Cavazos
|
0-0: Called Strike 0-1: Ground out 5-3 (Groundball, 5, EV 83.1 MPH)
|
Batting: RHB Chris Artz
|
0-0: SINGLE (Line Drive, 89S, EV 105.6 MPH)
|
Batting: SHB Jerry Burrows
|
0-0: Swinging Strike 0-1: Swinging Strike 0-2: Foul Ball, location: 2F 0-2: Foul Ball, location: 2F 0-2: Strikes out swinging
|
Batting: RHB Brian Bonin
|
0-0: Called Strike 0-1: Ball 1-1: Foul Ball, location: 2F 1-2: Strikes out swinging
|
Bottom of the 8th over - 0 runs, 1 hit, 0 errors, 1 left on base; Hamilton 3 - New Jersey 0 |
TOP OF THE 9TH |
Hamilton Cardinals batting - Pitching for New Jersey Devils : LHP Keith Noftall
|
Pitching: RHP Jose Lara
|
|
Batting: RHB Bernard Claude
|
0-0: Called Strike 0-1: Foul Ball, location: 2F 0-2: Strikes out swinging
|
Batting: LHB Ivan Cortez
|
0-0: Swinging Strike 0-1: Fly out, F9 (Flyball, 9, EV 79.4 MPH)
|
Batting: RHB Julio Sandoval
|
0-0: Ball 1-0: Ground out 6-3 (Groundball, 6M, EV 97.5 MPH)
|
Top of the 9th over - 0 runs, 0 hits, 0 errors, 0 left on base; Hamilton 3 - New Jersey 0 |
BOTTOM OF THE 9TH |
New Jersey Devils batting - Pitching for Hamilton Cardinals : RHP Nick Peters
|
Pitching: RHP Steve Langlois
|
|
Pinch Hitting: LHB Jeremy Moorehead
|
0-0: Foul Ball, location: 2F 0-1: Foul Ball, location: 2F 0-2: Ball 1-2: Ball 2-2: Foul Ball, location: 2F 2-2: Ball 3-2: Strikes out swinging
|
Batting: LHB Matt Baker
|
0-0: Ball 1-0: Foul Ball, location: 2F 1-1: Called Strike 1-2: Ball 2-2: Ball 3-2: Strikes out looking
|
Batting: SHB Jason Caruso
|
0-0: Ball 1-0: Foul Ball, location: 2F 1-1: Ball 2-1: Foul Ball, location: 2F 2-2: Ground out 4-3 (Groundball, 34D, EV 90.0 MPH)
|
Bottom of the 9th over - 0 runs, 0 hits, 0 errors, 0 left on base; Hamilton 3 - New Jersey 0 |
|